 Dungeon Crawl Stone Soup version bcrawl-1.19.1 (webtiles) character file.

Game seed: 8442098358694435832

34629 Freyura the Cruncher (level 13, -8/103 HPs)
             Began as a Demonspawn Gladiator on Nov 23, 2019.
             Was a High Priest of Qazlal.
             Mangled by a death yak (15 damage)
             ... on level 5 of the Lair of Beasts.
             The game lasted 00:39:24 (14597 turns).

Freyura the Cruncher (Demonspawn Gladiator)        Turns: 14597, Time: 00:39:25

Health: -8/103     AC: 23    Str: 14    XL:     13   Next: 43%
Magic:  0/21       EV: 16    Int: 12    God:    Qazlal [*****.]
Gold:   1185       SH:  7    Dex: 20    Spells: 12/12 levels left

rFire    . . .     SeeInvis .   a - +2 quarterstaff
rCold    . . .     Gourm    .   (shield currently unavailable)
rNeg     + . .     Faith    .   x - +0 pearl dragon scales
rPois    .         Spirit   +   c - +2 helmet
rElec    +         Reflect  .   j - scarf {stasis}
rCorr    .         Harm     .   k - +2 pair of gloves
MR       .....                  (no boots)
Stlth    ..........             (no amulet)
HPRegen  0.27/turn              g - ring of insulation
MPRegen  0.34/turn              B - +2 ring of dexterity

@: exhausted, protected from physical damage, repel missiles
A: hooves 2, spiny 2, magic shield, magic regeneration, magic link, sturdy frame
1
a: Upheaval, Elemental Force, Disaster Area, Renounce Religion


You were on level 5 of the Lair of Beasts.
You worshipped Qazlal.
Qazlal was extremely pleased with you.
You were not hungry.

You visited 2 branches of the dungeon, and saw 14 of its levels.

You collected 1185 gold pieces.

Inventory:

Hand Weapons
 a - a +2 quarterstaff (weapon)
Missiles
 d - 9 throwing nets (quivered) {!f}
Armour
 c - a +2 helmet (worn)
 j - a scarf of stasis (worn)
 k - a +2 pair of gloves (worn)
 x - +0 pearl dragon scales (worn)
Jewellery
 e - a +3 ring of protection
 g - a ring of insulation (left hand)
 v - an uncursed ring of protection from cold
 B - a +2 ring of dexterity (right hand)
 I - a +2 amulet of reflection {unknown}
 J - an uncursed ring of see invisible
Wands
 l - a wand of polymorph (35)
 n - a wand of random effects (17)
 C - a wand of flame (12)
Scrolls
 b - a scroll of fear
 h - 4 scrolls of identify
 i - 6 scrolls of remove curse
 r - 2 scrolls of magic mapping
 w - a scroll of silence
 y - 8 scrolls of teleportation
 z - 3 scrolls of amnesia
 G - a scroll of enchant armour
 H - 3 scrolls of immolation
Potions
 m - 4 potions of flight
 o - a potion of berserk rage
 p - 4 potions of resistance
 q - 4 potions of lignification
 s - 3 potions of brilliance
 t - a potion of mutation
 u - a potion of magic
 A - a potion of invisibility
 D - 2 potions of curing
 E - a potion of cancellation
 F - 3 potions of ambrosia
 K - a potion of might {unknown}
Comestibles
 f - 26 rations {!d}


   Skills:
 + Level 9.9 Fighting
 * Level 12.6 Staves
 - Level 1.7 Throwing
 + Level 8.7 Armour
 + Level 9.3 Dodging
 + Level 11.9 Invocations


You had 12 spell levels left.
You didn't know any spells.
Your spell library contained the following spells:

 Spells                   Type           Power        Failure   Level  Hunger
 Corona                   Hex            #......      65%         1    ##.....
 Flame Tongue             Conj/Fire      #....        65%         1    ##.....
 Ensorcelled Hibernation  Hex/Ice        #.....       80%         2    ###....
 Flaming Arrows           Chrm/Fire      #.......     80%         2    ###....
 Beckoning                Tloc           #.........   95%         3    ####...
 Confuse                  Hex            #.......     95%         3    ####...
 Conjure Flame            Conj/Fire      #.......     95%         3    ####...
 Dazzling Spray           Conj/Hex       #.....       95%         3    ####...
 Inner Flame              Hex/Fire       N/A          95%         3    ####...
 Portal Projectile        Tloc           #.....       95%         3    ####...
 Tukima's Dance           Hex            #.......     95%         3    ####...
 Force Lance              Tloc           #.......     100%        4    #####..
 Sticky Flame             Conj/Fire      #.......     100%        4    #####..
 Summon Ice Beast         Ice/Summ       #.......     100%        4    #####..
 Summon Scorpions         Summ/Pois      #.......     100%        4    #####..
 Fireball                 Conj/Fire      #.........   100%        5    ######.
 Summon Lightning Spire   Summ/Air       #.......     100%        5    ######.
 Dispersal                Tloc           #.........   100%        6    #######
 Invisibility             Hex            #.......     100%        6    #######
 Controlled Blink         Tloc           N/A          100%        8    #######


Dungeon Overview and Level Annotations

Branches:
Dungeon (9/12)             Temple (0/1) D:6            Lair (5/6) D:8
 Shoals (0/3) Lair:2        Snake (0/3) Lair:2        Slime (0/5) Lair:5
    Orc (0/1) D:9

Altars:
Ashenzari
Elyvilon
Gozag
Hepliaklqana
Kikubaaqudgha
Lugonu
Makhleb
Qazlal
Sif Muna
Vehumet
Beogh

Shops:
D:4 *   D:6 [**


Innate Abilities, Weirdness & Mutations

You have hoof-like feet.
You are mostly covered in sharp spines.
When hurt, damage is shared between your health and your magic reserves.
You regenerate magic rapidly.
When low on magic, you restore magic in place of health.
Your movements are slightly less encumbered by armour. (ER -2)


Message History

Nature churns violently around you!
The blast of ice hits the death yak.
The death yak is moderately wounded.
The death yak is flash-frozen.
The blast of ice hits the death yak.
The death yak is severely wounded.
The death yak is flash-frozen.
The blast of ice hits the death yak.
The death yak is heavily wounded.
The death yak is flash-frozen.
The blast of ice hits the fungus.
The fungus is severely damaged.
The fungus is flash-frozen.
The death yak is engulfed in freezing vapours.
You block the death yak's attack. The death yak is struck by your spines.
The death yak gores you.
* * * LOW HITPOINT WARNING * * *
You block the death yak's attack.
You barely miss the death yak.
The death yak is severely wounded.
The death yak is engulfed in freezing vapours.
The death yak gores you!
You die...

........##.......##....#
##.....
.......#...#...####...#
##.... ............###.#
...## #P...
.........#####...# #...#
...##.....###...## #####
.....###........# .
..#.. #†..8○..#... #.#
#.........P. ## ##
#.8.@Y8.#.# #.
#..§YYY.[.# #.
#.§.8○○$#... ##.
#........# .. ##..
#...###.... #... #...##
#.... #### #... #..8.
...# ##..


You could see 4 death yaks.

Vanquished Creatures
  Harold (Lair:1)
  2 hydras
  A two-headed ogre (D:9)
  A centaur warrior (D:7)
  A death knight (D:9)
  2 death yaks (Lair:5)
  Sonja (Lair:2)
  A centaur zombie (D:9)
  6 elephants (Lair:5)
  4 black mambas
  8 cane toads
  2 torpor snails (Lair:4)
  3 komodo dragons
  2 polar bears
  A troll (D:5)
  A merfolk (Lair:2)
  A hornet (D:8)
  Grinder (D:4)
  10 hippogriffs
  6 blink frogs
  32 yaks
  5 wyverns
  2 basilisks
  2 steam dragons
  3 nagas (Lair:2)
  12 water moccasins
  An acid dragon (D:8)
  11 crocodiles
  10 porcupines
  Duvessa (D:5)
  4 black bears
  6 orc warriors
  4 phantoms
  6 sky beasts
  3 ice beasts
  8 ogres
  An eye of draining (D:7)
  12 wolves
  3 centaurs
  11 bullfrogs
  2 jellies
  A scorpion (D:7)
  Dowan (D:5)
  8 killer bees
  9 wights
  An electric eel (D:9)
  6 crimson imps
  6 howler monkeys
  2 bullfrog zombies
  3 hounds
  A gnoll shaman (D:9)
  2 centaur skeletons
  5 orc priests
  A bullfrog skeleton (D:4)
  Terence (D:2)
  Jessica (D:3)
  3 iguanas
  8 worker ants
  6 orc wizards
  2 hound skeletons
  3 worker ant zombies
  A howler monkey zombie (D:4)
  11 gnolls
  10 adders
  A shadow imp (D:9)
  2 oozes
  An adder zombie (D:5)
  3 adder skeletons
  4 worms
  4 dart slugs
  8 leopard geckos
  34 orcs
  5 bats
  3 giant cockroaches
  5 hobgoblins
  9 jackals
  7 kobolds
  3 quokkas
  A ball python (D:2)
  A frilled lizard (D:3)
  3 goblins (D:2)
  4 rats
384 creatures vanquished.

Vanquished Creatures (others)
  11 fungi
  6 plants
17 creatures vanquished.

Grand Total: 401 creatures vanquished

Notes
Turn   | Place    | Note
-------+----------+-------------------------------------------
     0 | D:1      | Freyura the Demonspawn Gladiator began the quest for the
                  | Orb.
     0 | D:1      | Reached XP level 1. HP: 16/16 MP: 1/1
   611 | D:1      | Gained mutation: When hurt, damage is shared between your
                  | health and your magic reserves. [demonic ancestry]
   611 | D:1      | Reached XP level 2. HP: 16/22 MP: 2/2
   710 | D:1      | Reached skill level 3 in Staves
  1181 | D:2      | Gained mutation: You regenerate magic rapidly. [demonic
                  | ancestry]
  1181 | D:2      | Reached XP level 3. HP: 24/28 MP: 3/3
  1335 | D:2      | Reached skill level 1 in Armour
  1353 | D:2      | Found a radiant altar of Vehumet.
  1515 | D:2      | Found a hazy altar of Hepliaklqana.
  1515 | D:2      | Found a stormy altar of Qazlal.
  1521 | D:2      | Became a worshipper of Qazlal Stormbringer
  1774 | D:2      | Noticed Terence
  1791 | D:2      | Killed Terence
  1791 | D:2      | Gained mutation: Your movements are slightly less
                  | encumbered by armour. (ER -2) [demonic ancestry]
  1791 | D:2      | Reached XP level 4. HP: 18/34 MP: 4/4
  2320 | D:3      | Reached skill level 1 in Invocations
  2645 | D:3      | Noticed Jessica
  2654 | D:3      | Killed Jessica
  2654 | D:3      | Reached skill level 4 in Staves
  2654 | D:3      | Gained mutation: When low on magic, you restore magic in
                  | place of health. [demonic ancestry]
  2654 | D:3      | Reached XP level 5. HP: 40/40 MP: 4/6
  3484 | D:3      | Reached * piety under Qazlal
  3643 | D:3      | Found a shimmering blue altar of Sif Muna.
  3709 | D:4      | Noticed an ice beast
  3719 | D:4      | Killed an ice beast
  3719 | D:4      | Gained mutation: You have large cloven feet. [demonic
                  | ancestry]
  3719 | D:4      | Reached XP level 6. HP: 45/47 MP: 6/8
  3891 | D:4      | Found Bakk's General Store.
  3930 | D:4      | Noticed Grinder
  3942 | D:4      | Reached XP level 7. HP: 39/52 MP: 6/9
  3957 | D:4      | Killed Grinder
  3957 | D:4      | Reached skill level 5 in Staves
  4313 | D:4      | Reached ** piety under Qazlal
  4574 | D:5      | Entered Level 5 of the Dungeon
  4726 | D:5      | Found a faded altar of an unknown god.
  4726 | D:5      | Found an ancient bone altar of Kikubaaqudgha.
  4731 | D:5      | Found a white marble altar of Elyvilon.
  4733 | D:5      | Found a faded altar of an unknown god.
  4735 | D:5      | Found a corrupted altar of Lugonu.
  4901 | D:5      | Gained mutation: You are partially covered in sharp spines.
                  | [demonic ancestry]
  4901 | D:5      | Reached XP level 8. HP: 47/60 MP: 9/11
  4979 | D:5      | Noticed Duvessa
  4983 | D:5      | Noticed Dowan
  4993 | D:5      | Killed Dowan
  5020 | D:5      | Killed Duvessa
  5020 | D:5      | Reached skill level 6 in Staves
  5102 | D:5      | Reached skill level 5 in Invocations
  5426 | D:5      | Noticed a troll
  5433 | D:5      | Killed a troll
  5433 | D:5      | Reached skill level 5 in Fighting
  5433 | D:5      | Reached skill level 5 in Dodging
  5745 | D:6      | Noticed a hippogriff
  5761 | D:6      | Killed a hippogriff
  5761 | D:6      | Reached skill level 7 in Staves
  5761 | D:6      | Gained mutation: You have hoof-like feet. [demonic
                  | ancestry]
  5761 | D:6      | Reached XP level 9. HP: 45/68 MP: 10/13
  5833 | D:6      | Reached *** piety under Qazlal
  6072 | D:6      | Found Omihask's General Store.
  6137 | D:6      | Found a staircase to the Ecumenical Temple.
  6192 | D:6      | Found Dootal's Assorted Antiques.
  6222 | D:6      | Found Mipruf's Antique Armour Boutique.
  6224 | D:6      | Found an opulent altar of Gozag.
  6532 | D:6      | Found a burning altar of Makhleb.
  6681 | D:7      | Reached skill level 8 in Staves
  6687 | D:7      | Reached skill level 5 in Armour
  6717 | D:7      | Reached XP level 10. HP: 43/76 MP: 10/15
  7297 | D:7      | Noticed a centaur warrior
  7313 | D:7      | Killed a centaur warrior
  7581 | D:7      | Reached **** piety under Qazlal
  7729 | D:7      | Reached skill level 9 in Staves
  7832 | D:7      | Identified a scroll of acquirement
  8565 | D:8      | Found a staircase to the Lair.
  8576 | D:8      | Reached XP level 11. HP: 46/84 MP: 14/17
  8915 | D:9      | Noticed a two-headed ogre
  8935 | D:9      | Noticed a death knight
  8937 | D:9      | Reached ***** piety under Qazlal
  8938 | D:9      | Killed a two-headed ogre
  8938 | D:9      | Reached skill level 10 in Staves
  8962 | D:9      | Killed a death knight
  8986 | D:9      | Found a staircase to the Orcish Mines.
  9319 | D:9      | Found a roughly hewn altar of Beogh.
  9405 | D:9      | Found a shattered altar of Ashenzari.
  9885 | Lair:1   | Entered Level 1 of the Lair of Beasts
 10096 | Lair:1   | Reached skill level 10 in Invocations
 10416 | Lair:1   | Noticed Harold
 10435 | Lair:1   | Reached XP level 12. HP: 42/94 MP: 12/19
 10438 | Lair:1   | Reached skill level 11 in Staves
 10479 | Lair:1   | Killed Harold
 10501 | Lair:1   | HP: 4/94 [poisoned by Harold]
 10507 | Lair:1   | HP: 4/94 [poisoned by Harold]
 10515 | Lair:1   | HP: 4/94 [poisoned by Harold]
 11162 | Lair:2   | Noticed Sonja
 11197 | Lair:2   | Killed Sonja
 11361 | Lair:2   | Found a staircase to the Snake Pit.
 11596 | Lair:2   | Identified the Tome of Enchantment and the Entourage
 11959 | Lair:2   | Found a staircase to the Shoals.
 12466 | Lair:3   | Noticed a four-headed hydra
 12474 | Lair:3   | Killed a four-headed hydra
 12511 | Lair:3   | Reached skill level 12 in Staves
 12551 | Lair:3   | Found a gate leading to a gauntlet.
 13181 | Lair:4   | Gained mutation: You are mostly covered in sharp spines.
                  | [demonic ancestry]
 13181 | Lair:4   | Reached XP level 13. HP: 89/101 MP: 19/21
 14226 | Lair:5   | Found a staircase to the Slime Pits.
 14594 | Lair:5   | Reached ****** piety under Qazlal
 14597 | Lair:5   | Mangled by a death yak

Skill      XL: |  1  2  3  4  5  6  7  8  9 10 11 12 13 |
---------------+----------------------------------------+-----
Staves         | 3 4 5 7 8 9 10 12 | 12.6
Dodging        | 3 4 5 6 7 8 9 |  9.3
Armour         | 1 2 3 4 5 6 7 8 |  8.7
Invocations    | 1 2 3 4 6 7 8 10 11 | 11.9
Fighting       | 3 4 5 6 7 8 9 |  9.9
Throwing       | |  1.7

Action                   |  1- 3 |  4- 6 |  7- 9 | 10-12 | 13-15 || total
-------------------------+-------+-------+-------+-------+-------++-------
Melee: Quarterstaff      |   103 |   171 |   261 |   654 |   176 ||  1365
       Kick              |       |    11 |    99 |   240 |    85 ||   435
       Unarmed           |       |       |    15 |       |       ||    15
Invok: Disaster Area     |       |       |       |     1 |     1 ||     2
  Use: Scroll            |       |     9 |     6 |    14 |       ||    29
       Potion            |       |     1 |       |     6 |     1 ||     8
 Stab: Confused          |       |       |     6 |       |       ||     6
  Eat: Chunk             |     2 |     4 |     9 |    11 |     5 ||    31
       Ration            |       |     1 |       |     3 |       ||     4
Armor: Leather armour    |    32 |       |       |       |       ||    32
       Scale mail        |       |    79 |    78 |       |       ||   157
       Skin              |       |       |     2 |       |       ||     2
       Pearl dragon scal |       |       |    15 |   273 |    64 ||   352
Dodge: Dodged            |    72 |   122 |   137 |   420 |    92 ||   843
       Deflected         |       |       |       |    14 |       ||    14
Block: Other             |       |       |    25 |   166 |    75 ||   266
